 Dungeon Crawl Stone Soup version 0.28-a0-862-g58c29a6370 (webtiles) character file.

Game seed: 17448656852499586384

4024 Ijustatesigmund the Prestidigitator (level 10, -6/64 HPs)
             Began as a Gargoyle Fighter on Nov 16, 2021.
             Mangled by a yak (8 damage)
             ... on level 8 of the Dungeon.
             The game lasted 00:14:46 (6880 turns).

Ijustatesigmund the Prestidigitator (GrFi)          Turns: 6880, Time: 00:14:46

Health: -6/64      AC: 17    Str: 19    XL:     10   Next: 24%
Magic:  10/10      EV:  7    Int: 12    God:
Gold:   360        SH:  6    Dex: 16    Spells: 9/9 levels left

rFire   . . .      SeeInvis .   o - +2 flail (spect)
rCold   + . .      Faith    .   c - +1 buckler
rNeg    + . .      Spirit   .   b - +0 chain mail
rPois   ∞          Reflect  .   (no helmet)
rElec   +          Harm     .   (no cloak)
rCorr   .          Rampage  .   (no gloves)
Will    .....                   (no boots)
Stlth   ..........              i - amulet of regeneration
HPRegen 1.20/turn               g - +6 ring of dexterity
MPRegen 0.12/turn               p - ring of protection from cold

@: hasted, very quick
A: sickness immunity, AC +7, negative energy resistance 1, electricity
resistance, torment resistance 1, petrification resistance
a: no special abilities


You were on level 8 of the Dungeon.
You visited 2 branches of the dungeon, and saw 10 of its levels.
You also visited: Sewer.

You collected 360 gold pieces.

Inventory:

Hand Weapons
 a - a +1 flail
 o - a +2 spectral flail (weapon)
Missiles
 f - 5 javelins (quivered)
 x - 3 throwing nets
Armour
 b - a +0 chain mail (worn)
 c - a +1 buckler (worn)
 t - the +0 pair of boots of the Marlin {Harm rCorr MP+9}
   (You found it on level 7 of the Dungeon)

   MP:        It affects your magic capacity (+9).
   rCorr:     It protects you from acid and corrosion.
   Harm:      It increases damage dealt and taken.
Jewellery
 g - a +6 ring of dexterity (left hand)
 i - an amulet of regeneration (around neck)
 p - a ring of protection from cold (right hand)
Wands
 j - a wand of iceblast (9)
 s - a wand of flame (3)
 u - a wand of acid (16)
Scrolls
 e - 2 scrolls of enchant armour
 k - 6 scrolls of teleportation
 m - 2 scrolls of immolation
 v - a scroll of identify
 w - a scroll of fog {unknown}
 y - a scroll of vulnerability {unknown}
Potions
 d - a potion of might
 h - 8 potions of curing
 q - a potion of flight
 r - a potion of lignification


   Skills:
 + Level 8.1 Fighting
 + Level 7.0 Maces & Flails
 + Level 6.9 Armour
 - Level 3.2 Shields
 - Level 8.6 Evocations


You had 9 spell levels left.
You didn't know any spells.
Your spell library contained the following spells:

 Spells                   Type           Power      Damage    Failure   Level
 Conjure Flame            Conj/Fire      0%         6-21      100%        3
 Gell's Gravitas          Tloc           0%         N/A       100%        3
 Ignite Poison            Fire/Tmut/Pois 0%         N/A       100%        3
 Teleport Other           Tloc           0%         N/A       100%        3
 Sticky Flame             Conj/Fire      0%         2d3       100%        4
 Dispersal                Tloc           0%         N/A       100%        6


Dungeon Overview and Level Annotations

Branches:
Dungeon (9/15)             Temple (1/1) D:4           Sewer (visited)
   Lair: D:8-11         Orc: D:9-12

Altars:
Ashenzari
Cheibriados
Dithmenos
Elyvilon
Fedhas
Gozag
Hepliaklqana
Kikubaaqudgha
Makhleb
Okawaru
Qazlal
Sif Muna
Trog
Uskayaw
Vehumet
Wu Jian
Xom
Yredelemnul
Zin

Annotations:
D:4 1 runed translucent door, puimuR's ghost, amateur HOMo


Innate Abilities, Weirdness & Mutations

You are immune to sickness and miasma.
Your stone body is resilient. (AC +7)
You are immune to poison.
You resist negative energy. (rN+)
You are resistant to electric shocks. (rElec)
You are resistant to unholy torment.
You are immune to petrification.


Message History

The yak is lightly wounded.
The yak gores you but does no damage. You block the yak's attack.
The yak gores you.
You barely miss the yak.
The yak is lightly wounded.
You block the yak's attack.
The yak gores you but does no damage. x2
You hit the yak.
The yak is moderately wounded.
The yak gores you. You block the yak's attack.
The yak gores you but does no damage. You block the yak's attack.
You hit the yak.
The yak is moderately wounded.
You block the yak's attack. The yak closely misses you.
The yak barely misses you.
You hit the yak.
The yak is heavily wounded.
The yak gores you!
* * * LOW HITPOINT WARNING * * *
You block the yak's attack. The yak gores you.
* * * LOW HITPOINT WARNING * * *
You sock the yak!
The yak is severely wounded.
The yak gores you.
* * * LOW HITPOINT WARNING * * *
The yak gores you!
* * * LOW HITPOINT WARNING * * *
The yak barely misses you.
You feel much better. The yak gores you!
* * * LOW HITPOINT WARNING * * *
The yak gores you.
* * * LOW HITPOINT WARNING * * *
The yak gores you but does no damage.
Okay, then.
You feel yourself speed up. The yak barely misses you.
The yak gores you but does no damage. The yak gores you!
* * * LOW HITPOINT WARNING * * *
You barely miss the yak.
The yak is severely wounded.
The yak gores you!
You die...

####.# #.#.......#.#
#...... .....#
#...##.#....# #.#####
######
##.##.......#####.#####
#.##..#.#...>.........
#.##.......#####.#..##
#.##.##.....# #......
####.##.####..##
###....
#......Y####..### #.##.
#.##.#.Y@Y......# #.##.
#.##.#.####.....# #....
#.#..#.# #.....# ####.
#.#.##.# #.....# #.
#.#.##.# #<....# #.
#......# ####### #####.
###.#### #.<...
#.####### #.####
#.#.....#### #.#


You could see 3 yaks.

Vanquished Creatures
  Harold (D:9)
  A kobold demonologist (D:5)
  A hornet (D:8)
  A yak (D:8)
  A wyvern (D:7)
  3 steam dragons
  A water moccasin (D:6)
  A sky beast (D:6)
  A black bear (D:7)
  3 centaurs
  3 ogres
  4 kobold brigands
  2 bullfrogs
  A wyvern skeleton (D:5)
  2 howler monkeys
  3 centaur zombies
  3 electric eels (D:4)
  A bullfrog zombie (D:5)
  An orc priest (D:8)
  3 centaur skeletons
  4 hounds
  A jelly (D:5)
  A gnoll shaman (D:7)
  2 iguanas
  2 orc wizards (D:8)
  2 hound skeletons (D:5)
  A howler monkey zombie (D:7)
  6 gnolls
  5 adders
  A howler monkey skeleton (D:7)
  8 river rats
  2 shadow imps
  A white imp (D:7)
  A worm (D:6)
  A dart slug (D:2)
  5 orcs
  4 bats
  8 endoplasms
  4 giant cockroaches
  5 goblins
  6 hobgoblins
  2 jackals (Sewer)
  4 quokkas
  6 ball pythons
  15 kobolds
  10 rats
144 creatures vanquished.

Vanquished Creatures (others)
  A human (D:3)
  A kobold (D:4)
  42 plants
44 creatures vanquished.

Grand Total: 188 creatures vanquished

Notes
Turn   | Place    | Note
-------+----------+-------------------------------------------
     0 | D:1      | Ijustatesigmund the Gargoyle Fighter began the quest for
                  | the Orb.
     0 | D:1      | Reached XP level 1. HP: 14/14 MP: 1/1
   201 | D:1      | Found a faded altar of an unknown god.
   225 | D:1      | Reached XP level 2. HP: 19/19 MP: 2/2
   912 | D:1      | Reached XP level 3. HP: 24/24 MP: 3/3
  1491 | D:2      | Reached XP level 4. HP: 30/30 MP: 4/4
  1961 | D:3      | Found a shimmering altar of Xom.
  2222 | D:3      | Found an ancient bone altar of Kikubaaqudgha.
  2224 | D:3      | Noticed a human
  2227 | D:3      | Killed a human
  2319 | D:4      | Found a transporter.
  2364 | D:4      | Reached skill level 5 in Fighting
  2364 | D:4      | Reached XP level 5. HP: 35/35 MP: 5/5
  2371 | D:4      | Found a transporter.
  2402 | D:4      | Found a staircase to the Ecumenical Temple.
  2451 | D:4      | Reached skill level 1 in Evocations
  2451 | D:4      | Reached XP level 6. HP: 40/40 MP: 6/6
  2484 | D:4      | Found a runed translucent door.
  2485 | D:4      | Identified the +0 leather armour of Dujouzir {SInv}
  2497 | D:4      | Noticed puimuR's ghost (amateur HOMo)
  2910 | Temple   | Entered the Ecumenical Temple
  3253 | D:5      | Entered Level 5 of the Dungeon
  3312 | D:5      | Found a shimmering blue altar of Sif Muna.
  3376 | D:5      | Reached XP level 7. HP: 44/44 MP: 7/7
  3747 | D:5      | Reached skill level 5 in Evocations
  4131 | D:5      | Noticed a kobold demonologist
  4136 | D:5      | Killed a kobold demonologist
  4137 | D:5      | Reached XP level 8. HP: 49/49 MP: 8/8
  4636 | D:6      | Found a glowing drain.
  4640 | Sewer    | Entered a sewer
  4746 | Sewer    | Found a white marble altar of Elyvilon.
  5252 | D:7      | Reached XP level 9. HP: 44/54 MP: 9/9
  5298 | D:7      | Reached skill level 5 in Maces & Flails
  5405 | D:7      | Found a stormy altar of Qazlal.
  5513 | D:7      | Identified the +0 pair of boots of the Marlin {Harm rCorr
                  | MP+9}
  5562 | D:7      | Found an ornate altar of the Wu Jian Council.
  5986 | D:8      | Reached skill level 5 in Armour
  6212 | D:8      | Noticed a hornet
  6215 | D:8      | Killed a hornet
  6491 | D:9      | Noticed Harold
  6498 | D:9      | Killed Harold
  6499 | D:9      | Reached XP level 10. HP: 45/64 MP: 10/10
  6549 | D:9      | Found a white marble altar of Elyvilon.
  6877 | D:8      | HP: 3/64 [yak (9)]
  6879 | D:8      | HP: 1/64 [yak (12)]
  6880 | D:8      | Mangled by a yak

Illustrated notes

Levels and vault maps discovered:
D:1:      mrwooster_arrival_statue, layout_loops_cross,
          ebering_ecumenical_altar_hall, serial_forest,
          infiniplex_forest_corner_1, infiniplex_forest_straight_3,
          infiniplex_forest_zigzag_1, infiniplex_forest_corner_2,
          infiniplex_forest_zigzag_1, infiniplex_forest_straight_2,
          infiniplex_forest_clump_long
D:2:      layout_basic
D:3:      layout_loops_ring, tgw_kikubaaqudgha, mainiacjoe_overflow_alcove_1
D:4:      gammafunk_steamed_eel, layout_gridville, minmay_temple_entry_tees,
          ebering_ghost_sewer_d, chequers_serial_rivers_large_a,
          lemuel_old_faithful
D:5:      wad_woods_stonehenge, layout_basic
D:6:      nicolae_cairo_tiling, layout_cave_pools, gup_sewer_entry_bowl
D:7:      layout_rooms, nicolae_qazlal_style_of_elements,
          nicolae_overflow_hidden_temple, mainiacjoe_overflow_brackets,
          minmay_misc_feat_enclosed
D:8:      layout_loops_cross
D:9:      layout_cross, mainiacjoe_overflow_six_doors_small, erik_lair_dragon,
          minmay_orc_entry_temple_small, uniq_harold
Temple:   minmay_temple_curvy_branch

Skill      XL: |  1  2  3  4  5  6  7  8  9 10 |
---------------+-------------------------------+-----
Fighting       | 4 5 7 8 |  8.1
Maces & Flails | 3 4 6 7 |  7.0
Evocations     | 1 3 6 8 |  8.6
Armour         | 6 |  6.9
Shields        | |  3.2

Action                   |  1- 3 |  4- 6 |  7- 9 | 10-12 || total
-------------------------+-------+-------+-------+-------++-------
Melee: Flail             |    81 |   110 |   307 |    39 ||   537
Throw: Javelin           |       |       |     1 |       ||     1
Evoke: Wand              |       |     4 |    17 |       ||    21
  Use: Scroll            |     4 |     4 |     4 |       ||    12
       Potion            |       |       |     3 |     2 ||     5
Armor: Scale mail        |    20 |       |       |       ||    20
       Chain mail        |     6 |    68 |   244 |    33 ||   351
Dodge: Dodged            |    39 |    49 |   113 |    28 ||   229
Block: Buckler           |    16 |    36 |   108 |    27 ||   187

Table legend: (Time is in decaauts)
 A = Elapsed time spent in this place.
 B = Non-inter-level travel time spent in this place.
 C = Inter-level travel time spent in this place.
 D = Time resting spent in this place.
 E = Time spent auto-exploring this place.
 F = Levels seen in this place.
 G = Mean time per level.
                   A        B        C        D        E       F      G
               +--------+--------+--------+--------+--------+-----+--------+
         Total |   7012 |   6602 |    410 |    278 |   4934 |  11 |  637.5 |
       Dungeon |   6540 |   6146 |    394 |    278 |   4571 |   9 |  726.7 |
        Temple |    276 |    261 |     15 |      0 |    245 |   1 |  276.0 |
         Sewer |    195 |    195 |      0 |      0 |    118 |   1 |  195.0 |
               +--------+--------+--------+--------+--------+-----+--------+

Top non-repeatable levels by time:
     D:5: 1251 daAuts
     D:1: 1065 daAuts
     D:8: 878 daAuts
     D:4: 727 daAuts
     D:2: 697 daAuts
     D:7: 689 daAuts
     D:6: 574 daAuts
     D:3: 550 daAuts
  Temple: 276 daAuts
   Sewer: 195 daAuts
     D:9: 107 daAuts
